 Dungeon Crawl Stone Soup version 0.30.1-3-gfc49f6343a (webtiles) character file.

Game seed: 138089408112650061

24880 Wiggles the Executioner (level 12, 0/95 HPs)
             Began as a Minotaur Berserker on July 21, 2023.
             Was a High Priest of Trog.
             Slain by a yak (13 damage)
             ... on level 1 of the Lair of Beasts.
             The game lasted 00:21:04 (10803 turns).

Wiggles the Executioner (Minotaur Berserker)       Turns: 10803, Time: 00:21:04

Health: 0/95       AC: 12    Str: 32    XL:     12   Next: 84%
Magic:  11/11      EV: 10    Int:  4    God:    Trog [*****.]
Gold:   1083       SH:  0    Dex: 11    Spells: 11/11 levels left

rFire   . . .        H - +3 battleaxe (heavy)
rCold   . . .        (shield currently unavailable)
rNeg    . . .        u - +0 chain mail
rPois   .            (helmet restricted)
rElec   .            q - +1 cloak
rCorr   .            (no gloves)
SInv    +            (no boots)
Will    .....        v - amulet of regeneration Stlth
                     b - +6 ring of strength
HPRegen 1.15/turn    B - ring of see invisible
MPRegen 0.12/turn

%: no passive effects
@: no status effects
A: horns 2, retaliatory headbutt
a: Renounce Religion, Berserk, Trog's Hand, Brothers in Arms


You were on level 1 of the Lair of Beasts.
You worshipped Trog.
Trog was extremely pleased with you.
You visited 2 branches of the dungeon, and saw 13 of its levels.
You also visited: Ossuary.

You collected 1223 gold pieces.
You spent 140 gold pieces at shops.

Inventory:

Hand Weapons
 H - a +3 heavy battleaxe (weapon)
Missiles
 F - a throwing net (quivered)
Armour
 q - a +1 cloak (worn)
 u - a +0 chain mail (worn)
Jewellery
 b - a +6 ring of strength (left hand)
 v - an amulet of regeneration (around neck)
 B - a ring of see invisible (right hand)
 G - a ring of protection from fire
Wands
 j - a wand of digging (12)
 p - a wand of paralysis (14)
 r - a wand of mindburst (8)
 y - a wand of polymorph (5)
 E - a wand of light (9)
Scrolls
 a - 3 scrolls of identify
 c - 2 scrolls of blinking
 i - 4 scrolls of silence
 l - 3 scrolls of vulnerability
 m - 2 scrolls of noise
 n - 9 scrolls of teleportation
 o - 2 scrolls of fear
 w - 2 scrolls of immolation
Potions
 d - 4 potions of magic
 e - 6 potions of flight
 f - 4 potions of haste
 g - 6 potions of heal wounds
 h - 5 potions of curing
 k - 5 potions of degeneration
 s - 3 potions of mutation
 t - 2 potions of brilliance
 x - a potion of cancellation
 z - a potion of berserk rage
 A - 4 potions of attraction
 C - a potion of might
 D - a potion of ambrosia


   Skills:
 - Level 5.8 Fighting
 + Level 23.8 Axes
 - Level 5.4 Armour
 - Level 3.7 Dodging
 - Level 1.0 Stealth


You had 11 spell levels left.
You didn't know any spells.
Your spell library was empty.

Dungeon Overview and Level Annotations

Branches:
Dungeon (12/15)            Temple (0/1) D:5            Lair (1/5) D:11
    Orc (0/2) D:10        Ossuary (visited)

Altars:
Elyvilon
Gozag
Hepliaklqana
Kikubaaqudgha
Makhleb
Trog
Vehumet
Yredelemnul
The Shining One

Shops:
D:3 [   D:6 =   D:9 *

Portals:
Ice
Cave: Lair:1


Innate Abilities, Weirdness & Mutations

You have a pair of horns on your head.
You reflexively headbutt those who attack you in melee.


Message History

You hear the faint crackling of a melting archway very nearby.
The water moccasin closely misses you. The yak gores you.
* * * LOW HITPOINT WARNING * * *
The water moccasin bites you.
* * * LOW HITPOINT WARNING * * *
The blink frog hits you but does no damage.
The water moccasin bites you but does no damage.
The water moccasin misses you. You furiously retaliate!
You headbutt the water moccasin.
You chop the water moccasin into pieces!!!
You kill the water moccasin!
Trog accepts your kill.
You slice the water moccasin like a ripe choko!!!
You kill the water moccasin!
Trog accepts your kill.
You hit the yak. You closely miss the blink frog. The blink frog misses you.
The yak barely misses you.
The blink frog hits you but does no damage.
You slice the yak like a ripe choko!!!
You kill the yak!
Trog accepts your kill.
You barely miss the yak. You slice the yak!! You slash the blink frog!
The yak gores you.
* * * LOW HITPOINT WARNING * * *
The yak closely misses you. You furiously retaliate!
You headbutt the yak, but do no damage. The blink frog barely misses you.
Found a frozen archway.
The blink frog hits you!
* * * LOW HITPOINT WARNING * * *
The yak misses you. The yak gores you but does no damage.
The blink frog barely misses you.
You see here a yak corpse.
The yak gores you but does no damage.
Found a whip, 11 gold pieces and a potion of haste.
The yak closely misses you. You furiously retaliate!
You headbutt the yak! The yak closely misses you.
You cut the yak into ribbons!!!
You kill the yak!
Trog accepts your kill.
You hit the yak but do no damage. The yak gores you!
You die...

.... ! ## .∩.#$ ..# ....
...# #..# ...##.
..###.......
#.##.....#.##.
#......$#..##.####
..####@......#....}....
.......FY#...##.........
.........†.####.###.###.
)..#..P.#††####.# #.###>
.........†......###...#.
..#.######.............
##.#. #..#####...### #
.. #..........## .
###.######.#


You could see a yak and a blink frog.

Vanquished Creatures
  Rupert (D:12)
  2 boulder beetles
  A centaur warrior (D:12)
  4 two-headed ogres
  Pikel (D:7)
  3 ugly things
  A manticore (D:12)
  A cyclops (D:12)
  Joseph (D:7)
  Maurice (D:9)
  An elephant (D:11)
  A komodo dragon (Lair:1)
  A kobold demonologist (D:11)
  An unseen horror (D:10)
  A rime drake (Lair:1)
  Grinder (D:5)
  3 trolls
  2 blink frogs (Lair:1)
  2 slime creatures (D:12)
  2 shadows
  A wraith (D:11)
  20 yaks
  3 steam dragons
  Eustachio (D:4)
  A wyvern (D:7)
  A basilisk (Lair:1)
  6 vampire mosquitoes
  Edmund (D:4)
  2 acid dragons
  Duvessa (D:4)
  7 water moccasins
  6 orc warriors
  3 ice beasts
  2 sky beasts
  2 hornet zombies (Ossuary)
  2 black bears (D:11)
  7 ogres
  9 centaurs
  2 kobold brigands (D:6)
  Blork the orc (D:4)
  6 bullfrogs
  A scorpion (D:5)
  3 water moccasin zombies (Ossuary)
  13 wights
  Dowan (D:4)
  10 killer bees
  2 howler monkeys
  3 centaur zombies (Ossuary)
  A crimson imp (D:6)
  4 hounds
  6 bullfrog zombies (Ossuary)
  A jelly (D:5)
  8 orc priests
  2 iguanas (D:4)
  9 orc wizards
  A statue (D:5)
  3 killer bee zombies (Ossuary)
  10 mummies (Ossuary)
  A howler monkey zombie (Ossuary)
  Robin (D:3)
  12 adders
  2 shadow imps
  An ufetubus (D:6)
  3 worms (D:2)
  A dart slug (D:5)
  34 orcs
  8 ball pythons
  4 endoplasms
  2 giant cockroaches
  16 goblins
  11 hobgoblins
  7 jackals
  9 quokkas
  9 bats
  4 frilled lizards
  3 goblin skeletons (D:6)
  3 goblin zombies (D:6)
  2 hobgoblin zombies (D:6)
  18 kobolds
  2 kobold skeletons (D:6)
  A kobold zombie (D:6)
  2 orc skeletons (D:6)
  2 orc zombies (D:6)
  10 rats
361 creatures vanquished.

Vanquished Creatures (collateral kills)
  Lodul (D:11)
  A troll (D:11)
  4 ogres (D:11)
  An orc wizard (D:11)
7 creatures vanquished.

Grand Total: 368 creatures vanquished

Notes
Turn   | Place    | Note
-------+----------+-------------------------------------------
     0 | D:1      | Wiggles the Minotaur Berserker began the quest for the Orb.
     0 | D:1      | Reached XP level 1. HP: 19/19 MP: 0/0
   201 | D:1      | Reached XP level 2. HP: 26/27 MP: 1/1
   267 | D:1      | Reached skill level 4 in Axes
   381 | D:1      | Reached ** piety under Trog
   456 | D:1      | Reached XP level 3. HP: 33/33 MP: 2/2
  1248 | D:2      | Reached XP level 4. HP: 41/41 MP: 3/3
  1954 | D:3      | Reached skill level 5 in Axes
  2161 | D:3      | Found a burning altar of Makhleb.
  2177 | D:3      | Found an ancient bone altar of Kikubaaqudgha.
  2225 | D:3      | Found Donavoetz's Antique Armour Emporium.
  2235 | D:3      | Bought a glowing scale mail for 140 gold pieces
  2298 | D:3      | Found a bloodstained altar of Trog.
  2380 | D:3      | Reached *** piety under Trog
  2381 | D:3      | Reached XP level 5. HP: 29/47 MP: 4/4
  2620 | D:3      | Noticed Robin
  2624 | D:3      | Killed Robin
  2791 | D:4      | Noticed Edmund
  2799 | D:4      | Killed Edmund
  2800 | D:4      | Reached skill level 5 in Fighting
  2800 | D:4      | Reached XP level 6. HP: 56/56 MP: 5/5
  2850 | D:4      | Noticed Dowan
  2850 | D:4      | Noticed Duvessa
  2862 | D:4      | Killed Duvessa
  2863 | D:4      | Reached skill level 6 in Axes
  2871 | D:4      | Killed Dowan
  2959 | D:4      | Noticed Eustachio
  2973 | D:4      | Killed Eustachio
  2974 | D:4      | Reached skill level 5 in Armour
  2974 | D:4      | Reached skill level 1 in Stealth
  2974 | D:4      | Reached XP level 7. HP: 59/61 MP: 6/6
  3081 | D:4      | Noticed Blork the orc
  3092 | D:4      | Killed Blork the orc
  3093 | D:4      | Reached skill level 7 in Axes
  3352 | D:4      | Reached **** piety under Trog
  3803 | D:5      | Entered Level 5 of the Dungeon
  3856 | D:5      | Identified the +0 scale mail "Ziurph" {Str+2}
  3898 | D:5      | Reached skill level 8 in Axes
  3974 | D:5      | Noticed Grinder
  3983 | D:5      | Killed Grinder
  3984 | D:5      | Reached skill level 9 in Axes
  3984 | D:5      | Reached XP level 8. HP: 70/70 MP: 7/7
  4118 | D:5      | Found a radiant altar of Vehumet.
  4257 | D:5      | Reached skill level 10 in Axes
  4356 | D:5      | Found a staircase to the Ecumenical Temple.
  5151 | D:6      | Reached skill level 11 in Axes
  5250 | D:6      | Found a basalt altar of Yredelemnul.
  5378 | D:6      | Found a white marble altar of Elyvilon.
  5472 | D:6      | Reached skill level 12 in Axes
  5482 | D:6      | Reached XP level 9. HP: 75/75 MP: 8/8
  5625 | D:6      | Reached skill level 13 in Axes
  5640 | D:6      | Found a glowing golden altar of the Shining One.
  5651 | D:6      | Reached ***** piety under Trog
  5742 | D:6      | Found Kefait's Jewellery Boutique.
  6024 | D:7      | Reached skill level 14 in Axes
  6047 | D:7      | Noticed Joseph
  6056 | D:7      | Killed Joseph
  6109 | D:7      | Found a sand-covered staircase.
  6177 | D:7      | Reached skill level 15 in Axes
  6210 | Ossuary  | Entered an ossuary
  6283 | Ossuary  | Reached XP level 10. HP: 82/83 MP: 9/9
  6597 | D:7      | Reached skill level 16 in Axes
  6732 | D:7      | Noticed Pikel
  6738 | D:7      | Killed Pikel
  7274 | D:8      | Reached skill level 17 in Axes
  7350 | D:8      | Noticed a two-headed ogre
  7357 | D:8      | Killed a two-headed ogre
  7392 | D:8      | Noticed a brown ugly thing
  7406 | D:8      | Killed a brown ugly thing
  7499 | D:9      | Reached skill level 18 in Axes
  7853 | D:9      | Reached XP level 11. HP: 74/89 MP: 10/10
  7903 | D:9      | Found an opulent altar of Gozag.
  7903 | D:9      | Found Gozag's Platinum Reserve.
  8032 | D:9      | Noticed Maurice
  8043 | D:9      | Killed Maurice
  8044 | D:9      | Reached skill level 19 in Axes
  8344 | D:10     | Entered Level 10 of the Dungeon
  8350 | D:10     | Found a hazy altar of Hepliaklqana.
  8389 | D:10     | Noticed a two-headed ogre
  8398 | D:10     | Killed a two-headed ogre
  8520 | D:10     | Reached skill level 20 in Axes
  8707 | D:10     | Found a staircase to the Orcish Mines.
  8756 | D:10     | Reached ****** piety under Trog
  9010 | D:11     | Noticed Lodul
  9021 | D:11     | Killed Lodul
  9022 | D:11     | Reached skill level 21 in Axes
  9100 | D:11     | Noticed a boulder beetle
  9112 | D:11     | Killed a boulder beetle
  9113 | D:11     | Reached XP level 12. HP: 78/95 MP: 11/11
  9273 | D:11     | Identified the +3 falchion "Zaneph" {spect, rF+ Dex+3}
  9311 | D:11     | Received a gift from Trog
  9543 | D:11     | Found a staircase to the Lair.
  9799 | D:12     | Noticed Rupert
  9800 | D:12     | Paralysed by Rupert for 4 turns
  9813 | D:12     | Killed Rupert
  9814 | D:12     | Reached skill level 22 in Axes
  9889 | D:12     | Noticed a two-headed ogre
  9893 | D:12     | Killed a two-headed ogre
  9958 | D:12     | Noticed a two-headed ogre
  9965 | D:12     | Killed a two-headed ogre
 10241 | D:12     | Noticed a centaur warrior
 10247 | D:12     | Killed a centaur warrior
 10248 | D:12     | Reached skill level 23 in Axes
 10360 | D:12     | Noticed a boulder beetle
 10367 | D:12     | Killed a boulder beetle
 10696 | Lair:1   | Entered Level 1 of the Lair of Beasts
 10746 | Lair:1   | Identified the +0 scimitar of Fealok {heavy, rF- Int+8
                  | SInv}
 10800 | Lair:1   | Found a frozen archway.
 10803 | Lair:1   | Slain by a yak

Illustrated notes

Levels and vault maps discovered:
D:1:      dpeg_arrival_ratfight, layout_rooms, kennysheep_crisscross
D:2:      layout_basic, serial_co_window_serial, co_window_corner_a,
          co_window_paths_a, co_window_paths_a, co_window_corner_a,
          co_window_corner_a, co_window_paths_b, co_window_2corner,
          co_window_broadway_a, co_window_unsneaky_path_b, co_window_2corner,
          co_window_of_opportunity_b, co_window_unsneaky_path_c,
          co_window_4corner_b, glass_columns_a, glass_columns_c,
          glass_columns_c, glass_columns_a, chequers_serial_rivers_small_b
D:3:      layout_basic, mainiacjoe_overflow_big_doors,
          nicolae_overflow_crystal_walls, serial_shops, nicolae_lakefront_shop,
          uniq_robin
D:4:      layout_gridville, minmay_starry_boxes, uniq_edmund, uniq_duvessa,
          uniq_blork_the_orc, uniq_eustachio
D:5:      cheibrodos_two_vegetables, layout_layer_cave, vehumet_statue,
          minmay_temple_entry_junction, minmay_fountain_box,
          kennysheep_generic_room_3, uniq_grinder
D:6:      layout_basic, kennysheep_ying_yang, nicolae_tso_besieged_by_evil,
          serial_shops, nicolae_shop_gaudy_bauble, nicolae_nh_ransacked_shop
D:7:      layout_loops_ring, nicolae_ossuary_entry_false_entrances, uniq_pikel,
          uniq_joseph
D:8:      layout_rooms
D:9:      layout_stronghold, nicolae_gozag_zags_fifth_avenue, uniq_maurice
D:10:     layout_rooms, overflow_temple_1_default,
          minmay_orc_entry_temple_large, fountainhead
D:11:     layout_irregular_city, david_lair_generic, serial_column_ruins,
          column_ruins_hut_water, column_ruins_columns_straight,
          column_ruins_grid_2, column_ruins_open_tiny, column_ruins_grid_1,
          column_ruins_open_tiny, column_ruins_corridor_dead_end,
          hangedman_decor_lopped, uniq_lodul
D:12:     layout_roguey, uniq_rupert
Lair:1:   layout_loops_ring, portal_ice_cave_entry_pillars_1,
          hangedman_lair_unloving_vines, uniq_nergalle, uniq_maggie

Skill      XL: |  1  2  3  4  5  6  7  8  9 10 11 12 |
---------------+-------------------------------------+-----
Fighting       | 4 5 |  5.8
Axes           | 4 5 6 9 12 15 18 21 23 | 23.8
Dodging        | 3 |  3.7
Armour         | 3 4 5 |  5.4
Stealth        | 1 |  1.0

Action                     |  1- 3 |  4- 6 |  7- 9 | 10-12 || total
---------------------------+-------+-------+-------+-------++-------
  Melee: Hand axe          |    83 |   107 |   216 |       ||   406
         Headbutt          |    12 |    20 |    48 |    58 ||   138
         Punch             |       |     1 |     8 |       ||     9
         War axe           |       |       |    96 |    88 ||   184
         Battleaxe         |       |       |       |   291 ||   291
 Invoke: Berserk           |       |     4 |     3 |     6 ||    13
         Brothers in Arms  |       |       |       |     1 ||     1
    Use: Scroll            |       |       |    15 |    16 ||    31
 Armour: Animal skin       |    14 |       |       |       ||    14
         Leather armour    |     4 |       |       |       ||     4
         Scale mail        |     3 |    70 |    12 |       ||    85
         Chain mail        |       |       |   107 |   187 ||   294
  Dodge: Dodged            |    57 |    61 |   131 |   198 ||   447
